 Dungeon Crawl Stone Soup version 0.23.2-40-g277498a (webtiles) character file.

Game seed: 17861413525256172580

97 Fang the Skirmisher (level 4, -18/43 HPs)
             Began as a Gargoyle Berserker on Oct 15, 2019.
             Was a Believer of Trog.
             Demolished by a sickly merfolk siren
             ... wielding a +0 trident
              (20 damage)
             ... in a sewer.
             The game lasted 00:01:57 (2658 turns).

Fang the Skirmisher (Gargoyle Berserker)            Turns: 2658, Time: 00:01:57

Health: -18/43     AC:  7    Str: 27    XL:     4   Next: 68%
Magic:  4/4        EV: 12    Int:  7    God:    Trog [**....]
Gold:   90         SH:  0    Dex:  9    Spells: 3/3 levels left

rFire    . . .     SeeInvis .   a - +0 hand axe
rCold    . . .     Gourm    .   (no shield)
rNeg     + . .     Faith    .   b - +0 animal skin
rPois    ∞         Spirit   .   j - +0 helmet
rElec    +         Reflect  .   (no cloak)
rCorr    .         Harm     .   (no gloves)
MR       .....                  (no boots)
Stlth    ..........             (no amulet)
HPRegen  0.14/turn              (no ring)
MPRegen  0.09/turn              (no ring)

@: berserking, very quick
A: negative energy resistance 1, electricity resistance, unbreathing,
petrification resistance, rot immunity, AC +3
a: Berserk, Trog's Hand, Renounce Religion


You were in a sewer.
You worshipped Trog.
Trog was pleased with you.
You were hungry.

You visited 1 branch of the dungeon, and saw 3 of its levels.
You also visited: Sewer.

You collected 90 gold pieces.

Inventory:

Hand Weapons
 a - a +0 hand axe (weapon)
Armour
 b - a +0 animal skin (worn)
 j - a +0 helmet (worn)
Jewellery
 p - a +2 ring of strength {unknown}
Scrolls
 d - 6 scrolls of identify {unknown}
 f - 5 scrolls of magic mapping {unknown}
 i - a scroll of blinking {unknown}
 l - a scroll of remove curse {unknown}
 m - 3 scrolls of teleportation {unknown}
Potions
 e - a potion of resistance {unknown}
 g - a potion of flight {unknown}
 h - 3 potions of curing {unknown}
 n - a potion of might {unknown}
 o - a potion of ambrosia {unknown}
 q - 2 potions of brilliance {unknown}
Comestibles
 c - 6 rations
 k - 4 chunks of flesh


   Skills:
 + Level 4.0 Fighting
 + Level 3.3 Axes
 + Level 3.2 Armour
 + Level 2.3 Dodging


You had 3 spell levels left.
You didn't know any spells.
Your spell library was empty.

Dungeon Overview and Level Annotations

Branches:
Dungeon (3/15)

Altars:
Qazlal
The Shining One


Innate Abilities, Weirdness & Mutations

You are resistant to torment.
Your stone body is resilient. (AC +3)
You are immune to poison.
You resist negative energy. (rN+)
You are resistant to electric shocks. (rElec)
You can survive without breathing.
You are immune to petrification.
You are immune to rotting.


Message History

You are too injured to fight recklessly!
You are too injured to fight recklessly!
You are too injured to fight recklessly!
A red film seems to cover your vision as you go berserk!
You feel yourself moving faster!
You feel mighty!
You are feeling hungry.
The rat bites you but does no damage.
The sickly merfolk siren hits you from afar with a +0 trident.
* * * LOW HITPOINT WARNING * * *
The frilled lizard barely misses you.
You barely miss the rat. You miss the frilled lizard.
The rat closely misses you.
The sickly merfolk siren closely misses you.
The frilled lizard bites you but does no damage.
You closely miss the rat. You slash the frilled lizard!
You kill the frilled lizard!
Trog accepts your kill. The rat bites you but does no damage.
The sickly merfolk siren hits you from afar with a +0 trident!!
You die...

#÷≈≈≈### .≈≈≈≈∩∩#
########
≈≈≈≈≈##########
##
≈≈≈≈≈≈≈≈≈≈≈≈≈≈#
$$#
###########≈≈≈###
.. #.#≈≈≈###≈####
#÷##≈≈≈≈≈≈≈≈≈#
#.....@rm≈≈≈≈#
#######†..≈≈≈#
#...≈≈≈ ##...≈
###


You could see a sickly merfolk siren and a rat.

Vanquished Creatures
  A gnoll (D:1)
  2 adders (D:2)
  A river rat (D:3)
  5 worms
  A leopard gecko (D:2)
  5 giant cockroaches
  A goblin (D:1)
  A hobgoblin (D:1)
  3 jackals (D:1)
  5 kobolds
  2 quokkas (D:2)
  2 ball pythons (Sewer)
  2 bats (D:2)
  6 frilled lizards
  15 rats
52 creatures vanquished.

Notes
Turn   | Place    | Note
-------+----------+-------------------------------------------
     0 | D:1      | Fang the Gargoyle Berserker began the quest for the Orb.
     0 | D:1      | Reached XP level 1. HP: 14/14 MP: 1/1
   286 | D:1      | Reached XP level 2. HP: 13/19 MP: 2/2
   819 | D:1      | Reached XP level 3. HP: 20/23 MP: 3/3
  1635 | D:2      | Reached XP level 4. HP: 29/29 MP: 4/4
  1796 | D:2      | Reached ** piety under Trog
  1804 | D:2      | Found a stormy altar of Qazlal.
  1860 | D:2      | Found a glowing golden altar of the Shining One.
  2277 | D:3      | Found a glowing drain.
  2298 | D:3      | Reached skill level 4 in Fighting
  2351 | Sewer    | Entered a sewer
  2656 | Sewer    | HP: 2/43 [sickly merfolk siren/+0 trident (5)]
  2658 | Sewer    | Demolished by a sickly merfolk siren

Skill      XL: |  1  2  3  4 |
---------------+-------------+-----
Axes           | 3 |  3.3
Dodging        | 2 |  2.3
Armour         | 3 |  3.2
Fighting       | 4 |  4.0

Action                   |  1- 3 |  4- 6 || total
-------------------------+-------+-------++-------
Melee: Hand axe          |   123 |    82 ||   205
Invok: Berserk           |       |     2 ||     2
  Eat: Chunk             |     2 |     5 ||     7
Armor: Animal skin       |    58 |    31 ||    89
Dodge: Dodged            |    92 |    63 ||   155
